 Dungeon Crawl Stone Soup version 0.18-a0-2-g0e512fa (webtiles) character file.

85 Japsu the Cudgeler (level 4, -1/27 HPs)
             Began as a Gargoyle Gladiator on Oct 31, 2015.
             Slain by Crazy Yiuf
             ... wielding a +3 quarterstaff of chaos
              (5 damage)
             ... on level 2 of the Dungeon.
             The game lasted 00:06:06 (1135 turns).

Japsu the Cudgeler (Gargoyle Gladiator)             Turns: 1135, Time: 00:06:06

Health: -1/27      AC: 10    Str: 19    XL:     4   Next: 48%
Magic:  4/4        EV: 11    Int:  9    God:
Gold:   94         SH:  0    Dex: 10    Spells: 0 memorised, 3 levels left

rFire  . . .     SeeInvis .     o - +0 whip
rCold  . . .     Clarity  .     h - +0 ring mail
rNeg   + . .     SustAt   .     (no shield)
rPois  ∞         Gourm    .     c - +0 helmet
rElec  +         Spirit   .     (no cloak)
rCorr  .         Warding  .     (no gloves)
rMut   .         Stasis   .     (no boots)
MR     .....                    (no amulet)
Stlth  ..........               (no ring)
                                (no ring)

@: not resistant to hostile enchantments, extremely unstealthy
A: negative energy resistance 1, electricity resistance, unbreathing,
petrification resistance, rot immunity, AC +3
a: no special abilities


You were on level 2 of the Dungeon.
You were full.

You visited 1 branch of the dungeon, and saw 2 of its levels.

You collected 94 gold pieces.

Inventory:

Hand Weapons
 a - a +0 flail
 e - a +2 mace of protection
 g - a +0 mace
 k - a +0 club
 o - a +0 whip (weapon)
 p - a +1 spear of freezing
Missiles
 d - 3 throwing nets (quivered)
Armour
 b - a +0 leather armour
 c - a +0 helmet (worn)
 h - a +0 ring mail (worn)
 l - a cursed +0 chain mail
Scrolls
 f - a scroll of noise {unknown}
 i - a scroll of remove curse {unknown}
 j - a scroll of identify
 q - a scroll of enchant armour {unknown}
Potions
 n - a potion of cancellation {unknown}
Comestibles
 m - 2 meat rations
 r - 2 chunks of flesh


   Skills:
 + Level 2.5 Fighting
 + Level 3.5 Maces & Flails
 - Level 1.7 Throwing
 * Level 2.0 Armour
 + Level 3.3 Dodging


You had 3 spell levels left.
You didn't know any spells.

Dungeon Overview and Level Annotations

Branches:
Dungeon (2/15)

Altars:

Annotations:
D:2 Crazy Yiuf


Innate Abilities, Weirdness & Mutations

You are resistant to torment.
Your stone body is resilient (AC +3).
You are immune to poison.
You resist negative energy.
You are resistant to electric shocks.
You can survive without breathing.
You are immune to petrification.
You are immune to rotting.


Message History

Crazy Yiuf hits you with a quarterstaff of chaos.
You hit Crazy Yiuf but do no damage.
Crazy Yiuf is moderately wounded.
Crazy Yiuf cries, "Leather forty-two water!"
Crazy Yiuf closely misses you.
You closely miss Crazy Yiuf.
Crazy Yiuf is moderately wounded.
You hit Crazy Yiuf but do no damage.
Crazy Yiuf is moderately wounded.
Crazy Yiuf hits you with a quarterstaff of chaos.
Crazy Yiuf burns you.
You hit Crazy Yiuf.
Crazy Yiuf is moderately wounded.
Crazy Yiuf hits you but does no damage.
You hit Crazy Yiuf.
Crazy Yiuf is heavily wounded.
Crazy Yiuf hits you with a quarterstaff of chaos!
* * * LOW HITPOINT WARNING * * *
Crazy Yiuf freezes you.
You die...

#..#
####..##
#..#
#....#
#..#
♣....♣
#..#
♣...♣♣
#..#
♣♣)♣♣
#..#
♣)♣♣
#..#
♣♣)♣
#..#
♣)♣♣
#..###
♣♣@♣
#....#
#g#
##.###
))) #.#
#)))#
#.#
#).)#
#†#
#####
#.#
#.###
#...#


You could see Crazy Yiuf.

Vanquished Creatures
  A gnoll (D:1)
  4 adders
  A worm (D:2)
  6 bats
  2 giant cockroaches (D:1)
  5 hobgoblins
  7 kobolds
  A giant newt (D:2)
  5 goblins (D:1)
  A rat (D:1)
33 creatures vanquished.

Notes
Turn   | Place    | Note
--------------------------------------------------------------
     0 | D:1      | Japsu the Gargoyle Gladiator began the quest for the Orb.
     0 | D:1      | Reached XP level 1. HP: 12/12 MP: 1/1
   113 | D:1      | Reached XP level 2. HP: 17/17 MP: 2/2
   196 | D:1      | Reached skill level 1 in Armour
   196 | D:1      | Reached XP level 3. HP: 15/22 MP: 3/3
  1008 | D:2      | Reached XP level 4. HP: 22/27 MP: 4/4
  1123 | D:2      | Noticed Crazy Yiuf
  1135 | D:2      | Slain by Crazy Yiuf

Vault maps used:
D:1:      dpeg_arrival_rooms_b, serial_curves, eino_curves_04, eino_curves_02
D:2:      lemuel_crystal_altar, minitemple, okawaru_altar_gauntlet_db,
          first_bread, uniq_crazy_yiuf_cottage, uniq_robin, uniq_iyjb

Action                   |  1- 3 |  4- 6 || total
-------------------------+-------+-------++-------
Melee: Mace              |    74 |       ||    74
       Flail             |     3 |       ||     3
       Whip              |    52 |    39 ||    91
  Use: Scroll            |     3 |       ||     3
  Eat: Bread ration      |       |     1 ||     1
       Chunk             |       |     1 ||     1
